 Dungeon Crawl Stone Soup version 0.27-a0-1525-g1038ab4fd7 (webtiles) character file.

Game seed: 7810628966296194801

60 blackman the Skirmisher (level 4, -2/39 HPs)
             Began as a Human Wanderer on July 10, 2021.
             Slain by an iguana (4 damage)
             ... on level 2 of the Dungeon.
             The game lasted 00:04:32 (1834 turns).

blackman the Skirmisher (Human Wanderer)            Turns: 1834, Time: 00:04:33

Health: -2/39      AC:  8    Str: 15    XL:     4   Next: 25%
Magic:  4/4        EV:  9    Int: 11    God:
Gold:   18         SH:  0    Dex: 12    Spells: 3/3 levels left

rFire    . . .     SeeInvis .   h - +1 short sword (venom)
rCold    . . .     Faith    .   (no shield)
rNeg     . . .     Spirit   .   b - +2 scale mail
rPois    .         Reflect  .   (no helmet)
rElec    .         Harm     .   (no cloak)
rCorr    .         Rampage  .   (no gloves)
Will     .....                  (no boots)
Stlth    ..........             (no amulet)
HPRegen  0.13/turn              (no ring)
MPRegen  0.09/turn              (no ring)

@: no status effects
A: no striking features
a: no special abilities


You were on level 2 of the Dungeon.
You visited 1 branch of the dungeon, and saw 2 of its levels.

You collected 18 gold pieces.

Inventory:

Hand Weapons
 a - a +0 club
 h - a +1 short sword of venom (weapon)
 j - a +0 hand axe
Armour
 b - a +2 scale mail (worn)
Scrolls
 c - a scroll of teleportation {unknown}
 d - a scroll of amnesia {unknown}
 e - 2 scrolls of fog {unknown}
 i - a scroll of fear {unknown}
Potions
 f - a potion of curing {unknown}
 g - a potion of brilliance {unknown}


   Skills:
 - Level 5.0 Fighting
 - Level 0.2(2.2) Axes
 * Level 3.7 Polearms
 - Level 1.0 Throwing
 - Level 2.0 Armour
 - Level 1.0 Stealth


You had 3 spell levels left.
You didn't know any spells.
Your spell library contained the following spells:

 Spells                   Type           Power      Damage    Failure   Level
 Apportation              Tloc           0%         N/A       80%         1
 Corona                   Hex            0%         N/A       80%         1
 Gell's Gravitas          Tloc           0%         N/A       99%         3
 Portal Projectile        Hex/Tloc       0%         N/A       99%         3


Dungeon Overview and Level Annotations

Branches:
Dungeon (2/15)

Altars:
Hepliaklqana


Message History

The ball python bites you but does no damage.
The ball python closely misses you.
You hit the ball python.
You kill the ball python!
No target in view!
No target in view!
An iguana comes into view.
The iguana hisses angrily.
You see here a dart slug corpse.
You see here a +0 hand axe.
j - a +0 hand axe
There are no items here.
The iguana bites you!
You closely miss the iguana. The iguana closely misses you.
You closely miss the iguana. The iguana bites you.
You barely miss the iguana.
The iguana bites you but does no damage.
You hit the iguana.
The iguana is lightly wounded.
The iguana bites you.
You barely miss the iguana.
The iguana is lightly wounded.
The iguana bites you.
You hit the iguana but do no damage.
The iguana is poisoned.
The iguana is lightly wounded.
The iguana closely misses you. The iguana bites you!
You are too injured to fight recklessly!
You are too injured to fight recklessly!
You are too injured to fight recklessly!
You hit the iguana.
The iguana looks even sicker.
The iguana is moderately wounded.
The iguana bites you.
You hit the iguana.
The iguana looks as sick as possible!
The iguana is heavily wounded.
The iguana bites you!
* * * LOW HITPOINT WARNING * * *
You hit the iguana but do no damage.
The iguana looks as sick as possible!
The iguana is heavily wounded.
The iguana bites you.
You die...

######## ######
#......# .....#
#.@....# .....#
#######.l....#
.....####......†....###
...............†..>...#
.....####.....#########
.....####....†#
.....##.......######
.####..........#...# .#
#.#.#.l........#


You could see an iguana (extremely poisoned).

Vanquished Creatures
  2 adders (D:2)
  3 dart slugs
  3 endoplasms (D:1)
  4 giant cockroaches
  2 goblins (D:1)
  2 hobgoblins
  6 kobolds
  7 ball pythons
  3 bats (D:1)
  5 rats
37 creatures vanquished.

Vanquished Creatures (others)
  4 withered plants (D:2)
4 creatures vanquished.

Grand Total: 41 creatures vanquished

Notes
Turn   | Place    | Note
-------+----------+-------------------------------------------
     0 | D:1      | blackman the Human Wanderer began the quest for the Orb.
     0 | D:1      | blackman set off with the following items: a +0 club, a +2
                  | scale mail; and the following spells available to memorise:
                  | Apportation, Corona, Gell's Gravitas, Portal Projectile
     0 | D:1      | Reached XP level 1. HP: 21/21 MP: 1/1
   281 | D:1      | Reached XP level 2. HP: 27/27 MP: 2/2
   777 | D:1      | Reached XP level 3. HP: 33/33 MP: 3/3
  1225 | D:1      | You fall into a shaft and drop 1 floor!
  1541 | D:2      | Reached XP level 4. HP: 30/39 MP: 4/4
  1635 | D:2      | Found a faded altar of an unknown god.
  1689 | D:2      | Found a hazy altar of Hepliaklqana.
  1834 | D:2      | Slain by an iguana

Illustrated notes

Levels and vault maps discovered:
D:1:      wander_arrival_abandoned_jail, layout_rooms, minmay_heptomino_l4
D:2:      layout_basic, ebering_ecumenical_altar_petrified, basic_altar

Skill      XL: |  1  2  3 |
---------------+----------+-----
Polearms       | 2 3 |  3.7
Fighting       | |  5.0
Axes           | |  0.2
Throwing       | |  1.0
Armour         | |  2.0
Stealth        | |  1.0

Action                   |  1- 3 |  4- 6 || total
-------------------------+-------+-------++-------
Melee: Club              |   175 |       ||   175
       Short sword       |    12 |    20 ||    32
Armor: Scale mail        |   200 |     7 ||   207
Dodge: Dodged            |   156 |     5 ||   161

Table legend: (Time is in decaauts)
 A = Elapsed time spent in this place.
 B = Non-inter-level travel time spent in this place.
 C = Inter-level travel time spent in this place.
 D = Time resting spent in this place.
 E = Time spent auto-exploring this place.
 F = Levels seen in this place.
 G = Mean time per level.
                   A        B        C        D        E       F      G
               +--------+--------+--------+--------+--------+-----+--------+
         Total |   1888 |   1880 |      8 |      0 |   1482 |   2 |  944.0 |
       Dungeon |   1888 |   1880 |      8 |      0 |   1482 |   2 |  944.0 |
               +--------+--------+--------+--------+--------+-----+--------+

Top non-repeatable levels by time:
     D:1: 1265 daAuts
     D:2: 623 daAuts
